 Dungeon Crawl Stone Soup version 0.19.5 (webtiles) character file.

318 tanisms the Covered (level 6, -16/48 HPs)
             Began as a Human Fighter on Apr 14, 2017.
             Demolished by an ogre
             ... wielding a +0 giant club
              (24 damage)
             ... on level 4 of the Dungeon.
             The game lasted 00:33:45 (4965 turns).

tanisms the Covered (Human Fighter)                 Turns: 4965, Time: 00:33:45

Health: -16/48     AC: 11    Str: 21 (24) XL:     6   Next: 74%
Magic:  6/6        EV:  4    Int:  5 (8)  God:
Gold:   172        SH:  9    Dex: 11 (12) Spells: 0 memorised, 5 levels left

rFire  . . .     SeeInvis .     a - +0 long sword
rCold  . . .     Gourm    .     i - +0 plate armour
rNeg   . . .     Faith    .     c - +0 shield
rPois  .         Spirit   .     (no helmet)
rElec  .         Reflect  .     (no cloak)
rCorr  .         Harm     .     (no gloves)
MR     .....                    (no boots)
Stlth  ..........               (no amulet)
                                (no ring)
                                (no ring)

@: mighty
A: no striking features
a: no special abilities


You were on level 4 of the Dungeon.
You were not hungry.

You visited 1 branch of the dungeon, and saw 4 of its levels.

You collected 172 gold pieces.

Inventory:

Hand Weapons
 a - a +0 long sword (weapon)
 n - a cursed -2 whip
Missiles
 q - 39 arrows
 F - 3 poisoned needles
 G - 18 bolts
 H - 28 stones (quivered)
 I - 12 sling bullets
Armour
 b - a +0 scale mail
 c - a +0 shield (worn)
 i - a +0 plate armour (worn)
 o - a +0 ring mail
 p - a +0 ring mail of positive energy
 B - a +2 naga barding
 D - a +0 buckler
Jewellery
 h - an uncursed ring of stealth {unknown}
 m - a cursed -2 ring of strength {unknown}
 s - an uncursed ring of fire {unknown}
Scrolls
 e - 2 scrolls of fog {unknown}
 g - a scroll of amnesia {unknown}
 j - 3 scrolls of magic mapping {unknown}
 k - a scroll of random uselessness {unknown}
 t - 2 scrolls of blinking {unknown}
 v - 3 scrolls of identify {unknown}
 y - a scroll of recharging {unknown}
 A - a scroll of remove curse {unknown}
 C - a scroll of fear {unknown}
Potions
 f - a potion of degeneration
 l - a potion of lignification {unknown}
 r - a potion of cancellation {unknown}
 u - a potion of berserk rage {unknown}
 x - a potion of flight {unknown}
Comestibles
 w - 4 fruits
 E - a bread ration


   Skills:
 + Level 3.7 Fighting
 + Level 4.2 Long Blades
 + Level 4.3 Armour
 + Level 1.2 Dodging
 + Level 4.0 Shields


You had 5 spell levels left.
You didn't know any spells.

Dungeon Overview and Level Annotations

Branches:
Dungeon (4/15)
 Temple: D:4-7

Altars:


Message History

The ogre is moderately wounded.
The ogre hits you but does no damage.
You completely miss the ogre.
The ogre is moderately wounded.
You block the ogre's attack.
You slash the ogre!
The ogre is severely wounded.
The ogre hits you with a giant club!!
* * * LOW HITPOINT WARNING * * *
You feel better. The ogre barely misses you.
You riposte.
You barely miss the ogre.
The ogre is severely wounded.
You feel better. The ogre hits you with a giant club!
* * * LOW HITPOINT WARNING * * *
You completely miss the ogre.
The ogre is severely wounded.
The ogre completely misses you. The ogre hits you with a giant club!!
Ouch! That really hurt!
You die...

##...##..............
+....................
#......<............
##...##.....##...##.#
#....##.....#######'#
#...........#.......#
#.....>.....#.......#
#....O......'.......#
###.@###....###....##
#..# #....#########
#.... #.....#.......
#.....#.....#.......
+.....#.....#.......
##...###....####..##
#...# #....####..##
#.... #............
#........<...


You could see an ogre.

Vanquished Creatures
  A scorpion (D:3)
  A crimson imp (D:3)
  An orc priest (D:3)
  An iguana (D:3)
  2 worker ants (D:4)
  3 adders
  A river rat (D:3)
  4 worms
  2 dart slugs
  3 leopard geckos
  3 orcs (D:3)
  2 ball pythons
  6 bats
  7 giant cockroaches
  11 goblins
  4 hobgoblins
  6 jackals
  A quokka (D:3)
  4 frilled lizards
  7 kobolds
  9 rats
79 creatures vanquished.

Notes
Turn   | Place    | Note
-------+----------+-------------------------------------------
     0 | D:1      | tanisms the Human Fighter began the quest for the Orb.
     0 | D:1      | Reached XP level 1. HP: 18/18 MP: 1/1
   147 | D:1      | Reached XP level 2. HP: 24/24 MP: 2/2
   451 | D:1      | Reached XP level 3. HP: 15/29 MP: 3/3
  1377 | D:2      | Reached XP level 4. HP: 28/35 MP: 4/4
  1591 | D:2      | Found a faded altar of an unknown god.
  2898 | D:3      | Reached XP level 5. HP: 41/41 MP: 5/5
  3145 | D:3      | Reached skill level 1 in Dodging
  3357 | D:3      | Reached XP level 6. HP: 47/47 MP: 6/6
  4949 | D:4      | Noticed an ogre
  4958 | D:4      | HP: 2/48 [ogre/giant club (21)]
  4965 | D:4      | Demolished by an ogre

Skill      XL: |  1  2  3  4  5  6 |
---------------+-------------------+-----
Long Blades    | 3 4 |  4.2
Dodging        | 1 |  1.2
Armour         | 4 |  4.3
Shields        | 4 |  4.0
Fighting       | |  3.7

Action                   |  1- 3 |  4- 6 || total
-------------------------+-------+-------++-------
Melee: Long sword        |   130 |   237 ||   367
  Use: Potion            |       |     6 ||     6
  Eat: Bread ration      |     1 |       ||     1
       Beef jerky        |       |     1 ||     1
       Meat ration       |       |     1 ||     1
       Royal jelly       |       |     1 ||     1
       Pizza             |       |     1 ||     1
Armor: Scale mail        |   114 |    56 ||   170
       Plate armour      |       |    76 ||    76
Dodge: Dodged            |    50 |    55 ||   105
Block: Shield            |    93 |   130 ||   223
       Rpst.: Long sword |    18 |    14 ||    32
